 Dungeon Crawl Stone Soup version 0.27-a0-1322-gfdffb62a71 (webtiles) character file.

Game seed: 16393250826208082257

246 Borgoz the Skirmisher (level 6, -1/39 HPs)
             Began as a Gargoyle Berserker on June 22, 2021.
             Was a Believer of Trog.
             Killed by divine providence
             ... invoked by an orc priest
              (9 damage)
             ... on level 3 of the Dungeon.
             The game lasted 00:02:49 (3639 turns).

Borgoz the Skirmisher (Gargoyle Berserker)          Turns: 3639, Time: 00:02:50

Health: -1/39      AC: 14    Str: 21    XL:     6   Next: 11%
Magic:  6/6        EV: 12    Int:  7    God:    Trog [**....]
Gold:   124        SH:  0    Dex: 11    Spells: 5/5 levels left

rFire    . . .     SeeInvis .   h - +2 flail (drain)
rCold    . . .     Faith    .   (no shield)
rNeg     + . .     Spirit   .   b - +0 animal skin
rPois    ∞         Reflect  .   (no helmet)
rElec    +         Harm     .   (no cloak)
rCorr    .         Rampage  .   (no gloves)
Will     .....                  (no boots)
Stlth    +.........             (no amulet)
HPRegen  0.13/turn              c - +4 ring of protection
MPRegen  0.10/turn              m - +4 ring of protection

@: no status effects
A: sickness immunity, AC +4, negative energy resistance 1, electricity
resistance, torment resistance 1, petrification resistance
a: Renounce Religion, Berserk, Trog's Hand


You were on level 3 of the Dungeon.
You worshipped Trog.
Trog was pleased with you.
You visited 1 branch of the dungeon, and saw 3 of its levels.

You collected 124 gold pieces.

Inventory:

Hand Weapons
 h - a +2 flail of draining (weapon)
Armour
 b - a +0 animal skin (worn)
Jewellery
 c - a +4 ring of protection (left hand)
 m - a +4 ring of protection (right hand)
Wands
 l - a wand of paralysis (10)
Scrolls
 a - a scroll of amnesia {unknown}
 d - a scroll of vulnerability {unknown}
 f - a scroll of magic mapping {unknown}
 g - a scroll of enchant weapon {unknown}
 i - 2 scrolls of teleportation {unknown}
 j - a scroll of immolation {unknown}
Potions
 e - a potion of attraction {unknown}
 k - a potion of flight {unknown}


   Skills:
 + Level 4.6 Fighting
 + Level 4.2 Maces & Flails
 + Level 3.8 Armour
 + Level 2.8 Dodging


You had 5 spell levels left.
You didn't know any spells.
Your spell library was empty.

Dungeon Overview and Level Annotations

Branches:
Dungeon (3/15)

Altars:

Shops:
D:1 *


Innate Abilities, Weirdness & Mutations

You are immune to sickness and miasma.
Your stone body is resilient. (AC +4)
You are immune to poison.
You resist negative energy. (rN+)
You are resistant to electric shocks. (rElec)
You are resistant to unholy torment.
You are immune to petrification.


Message History

You are confused.
You closely miss the orc wizard.
The orc wizard hits you but does no damage.
You are too confused!
You bump into the rock wall.
The orc wizard hits you but does no damage.
You bump into the rock wall.
The orc wizard hits you but does no damage.
You're too confused to move!
The orc wizard hits you but does no damage.
You feel less confused.
You completely miss the orc wizard.
The orc wizard hits you but does no damage.
You sock the orc wizard! You drain the orc wizard.
You kill the orc wizard!
Trog accepts your kill.
Trog appreciates your killing of a magic user.
The orc priest invokes the aid of Beogh against you.
Beogh smites you!
You have reached level 6!
Your experience leads to an increase in your attributes!
Increase (S)trength, (I)ntelligence, or (D)exterity?
You feel agile. The orc priest misses you.
Items here: )) [[.
You barely miss the orc priest.
The orc priest hits you with a +0 dagger.
The orc priest calls down the wrath of Beogh upon you.
Pain shoots through your body!
You closely miss the orc priest.
The orc priest looks braver for a moment.
You closely miss the orc priest.
The orc priest invokes the aid of Beogh against you.
Pain shoots through your body!
* * * LOW HITPOINT WARNING * * *
You barely miss the orc priest. The orc priest closely misses you.
You hit the orc priest but do no damage.
The orc priest calls down the wrath of Beogh upon you.
Beogh smites you!
You die...

#.# #.# #.#
### #.# #..
#.# #.# #.#
#.# #.# #.#
## #.# #o#
>##########.#
#@#
.#.......†..#
#.#
.#.##########
#.# .#.# #.#
.#.# #.#####
...# #.....#
...# #####.#
..## #.# .##
#.#


You could see an orc priest.

Vanquished Creatures
  An orc priest (D:3)
  2 orc wizards (D:3)
  Natasha (D:3)
  5 adders
  4 gnolls
  A worm (D:2)
  A dart slug (D:2)
  6 orcs (D:3)
  7 ball pythons
  4 bats
  4 endoplasms
  2 goblins
  7 hobgoblins
  3 jackals (D:1)
  4 kobolds
  A quokka (D:3)
  10 frilled lizards
  5 rats
68 creatures vanquished.

Notes
Turn   | Place    | Note
-------+----------+-------------------------------------------
     0 | D:1      | Borgoz the Gargoyle Berserker began the quest for the Orb.
     0 | D:1      | Reached XP level 1. HP: 14/14 MP: 1/1
   124 | D:1      | Found Peffuc Daupp's General Store.
   377 | D:1      | Reached XP level 2. HP: 18/19 MP: 2/2
   893 | D:1      | Reached ** piety under Trog
   894 | D:1      | Reached XP level 3. HP: 15/24 MP: 3/3
  1725 | D:2      | Reached XP level 4. HP: 18/29 MP: 4/4
  2872 | D:3      | Reached XP level 5. HP: 33/33 MP: 5/5
  3176 | D:3      | Noticed Natasha
  3185 | D:3      | Killed Natasha
  3634 | D:3      | Reached XP level 6. HP: 20/39 MP: 6/6
  3639 | D:3      | Killed from afar by an orc priest

Illustrated notes

Levels and vault maps discovered:
D:1:      nagdon_arrival_double_spiral, layout_loops_ring, serial_shops, shop
D:2:      layout_loops_ring
D:3:      layout_loops_ring, uniq_natasha

Skill      XL: |  1  2  3  4  5 |
---------------+----------------+-----
Dodging        | 2 |  2.8
Armour         | 3 |  3.8
Fighting       | 4 |  4.6
Maces & Flails | 4 |  4.2

Action                   |  1- 3 |  4- 6 || total
-------------------------+-------+-------++-------
Melee: Mace              |    98 |     2 ||   100
       Flail             |       |   119 ||   119
Invok: Berserk           |     3 |     2 ||     5
 Stab: Sleeping          |     1 |     1 ||     2
Armor: Animal skin       |    35 |    39 ||    74
Dodge: Dodged            |    52 |    64 ||   116

Table legend: (Time is in decaauts)
 A = Elapsed time spent in this place.
 B = Non-inter-level travel time spent in this place.
 C = Inter-level travel time spent in this place.
 D = Time resting spent in this place.
 E = Time spent auto-exploring this place.
 F = Levels seen in this place.
 G = Mean time per level.
                   A        B        C        D        E       F      G
               +--------+--------+--------+--------+--------+-----+--------+
         Total |   3728 |   3632 |     96 |    978 |   2169 |   3 | 1242.7 |
       Dungeon |   3728 |   3632 |     96 |    978 |   2169 |   3 | 1242.7 |
               +--------+--------+--------+--------+--------+-----+--------+

Top non-repeatable levels by time:
     D:1: 1660 daAuts
     D:2: 1256 daAuts
     D:3: 811 daAuts
